 Dungeon Crawl Stone Soup version 0.27-a0-1188-g73eefd5def (webtiles) character file.

Game seed: 6915452341444075199

3332 leviel the Cleaver (level 9, -2/68 HPs)
             Began as a Demonspawn Fighter on May 21, 2021.
             Was a Believer of Qazlal.
             Slain by a vampire (8 damage)
             ... on level 8 of the Dungeon.
             The game lasted 00:10:14 (6319 turns).

leviel the Cleaver (Demonspawn Fighter)             Turns: 6319, Time: 00:10:15

Health: -2/68      AC: 12    Str: 19    XL:     9   Next: 71%
Magic:  9/12       EV:  9    Int: 16    God:    Qazlal [**....]
Gold:   438        SH: 13    Dex: 19    Spells: 8/8 levels left

rFire    . . .     SeeInvis .   a - +0 war axe
rCold    . . .     Faith    .   c - +0 kite shield
rNeg     . . .     Spirit   .   b - +0 scale mail
rPois    .         Reflect  .   (no helmet)
rElec    .         Harm     .   u - +0 cloak
rCorr    .         Rampage  .   p - +0 pair of gloves
Will     .....                  (no boots)
Stlth    ++........             (no amulet)
HPRegen  1.21/turn              o - +6 ring of dexterity
MPRegen  0.13/turn              i - +6 ring of intelligence

@: mighty
A: yellow scales 2, foul stench 1, powered by death 2, claws 1, camouflage 1,
regeneration 1
a: Renounce Religion, Upheaval


You were on level 8 of the Dungeon.
You worshipped Qazlal.
Qazlal was pleased with you.
You visited 2 branches of the dungeon, and saw 9 of its levels.

You collected 438 gold pieces.

Inventory:

Hand Weapons
 a - a +0 war axe (weapon)
Armour
 b - a +0 scale mail (worn)
 c - a +0 kite shield (worn)
 p - a +0 pair of gloves (worn)
 u - a +0 cloak (worn)
Jewellery
 i - a +6 ring of intelligence (right hand)
 o - a +6 ring of dexterity (left hand)
 y - a +4 ring of protection
 B - an amulet of faith
Wands
 d - a wand of digging (5)
 l - a wand of acid (5)
 s - a wand of iceblast (8)
 C - a wand of flame (11)
Scrolls
 e - a scroll of blinking {unknown}
 f - a scroll of fog {unknown}
 g - 4 scrolls of teleportation {unknown}
 h - 2 scrolls of fear {unknown}
 j - a scroll of noise {unknown}
 k - 7 scrolls of identify {unknown}
 m - 2 scrolls of vulnerability {unknown}
 n - 2 scrolls of immolation {unknown}
 w - 3 scrolls of enchant weapon {unknown}
 x - a scroll of enchant armour {unknown}
 z - a scroll of amnesia {unknown}
 D - a scroll of torment {unknown}
Potions
 q - a potion of heal wounds {unknown}
 r - a potion of attraction {unknown}
 v - 4 potions of curing
 A - 2 potions of lignification {unknown}
 E - a potion of flight {unknown}


   Skills:
 + Level 5.2 Fighting
 * Level 9.2 Axes
 + Level 5.3 Armour
 + Level 2.8 Dodging
 + Level 1.1 Stealth
 + Level 4.9 Shields
 * Level 4.8 Invocations


You had 8 spell levels left.
You didn't know any spells.
Your spell library contained the following spells:

 Spells                   Type           Power      Damage    Failure   Level
 Magic Dart               Conj           0%         1d3       95%         1
 Summon Small Mammal      Summ           0%         N/A       95%         1
 Blink                    Tloc           N/A        N/A       98%         2
 Call Imp                 Summ           0%         N/A       98%         2
 Slow                     Hex            0%         N/A       98%         2
 Call Canine Familiar     Summ           0%         N/A       100%        3
 Conjure Flame            Conj/Fire      0%         6-21      100%        3
 Mephitic Cloud           Conj/Pois/Air  0%         N/A       100%        3
 Summon Guardian Golem    Hex/Summ       0%         N/A       100%        3
 Summon Ice Beast         Ice/Summ       0%         N/A       100%        4
 Summon Lightning Spire   Summ/Air       0%         N/A       100%        4


Dungeon Overview and Level Annotations

Branches:
Dungeon (8/15)             Temple (1/1) D:4
   Lair: D:8-11

Altars:
Ashenzari
Cheibriados
Dithmenos
Fedhas
Gozag
Hepliaklqana
Kikubaaqudgha
Makhleb
Nemelex Xobeh
Okawaru
Qazlal
Ru
Sif Muna
Trog
Uskayaw
Vehumet
Wu Jian
Xom
Yredelemnul
The Shining One


Innate Abilities, Weirdness & Mutations

You are mostly covered in yellow scales. (AC +3)
You may rarely emit foul miasma when damaged in melee.
You regenerate health from kills.
You have sharp fingernails.
Your skin changes colour to match your surroundings (Stealth+).
Your natural rate of healing is unusually fast.


Message History

Unknown command.
You barely miss something. Something hits you but does no damage.
Something bites you.
Something draws strength from your injuries!
Something hits you but does no damage. Something bites you.
Something draws strength from your injuries!
You hit something. Something hits you! Something bites you!
Something draws strength from your injuries!
You completely miss something. Something hits you but does no damage.
Something bites you!
Something draws strength from your injuries!
You barely miss something. You block something's attack. Something bites you!
Something draws strength from your injuries!
You slash something! Something hits you!
* * * LOW HITPOINT WARNING * * *
You block something's attack. Something hits you but does no damage.
Something bites you but does no damage.
Unknown command.
You slash something! Something hits you but does no damage.
You block something's attack.
You feel very mighty all of a sudden. Something hits you.
* * * LOW HITPOINT WARNING * * *
Something bites you.
* * * LOW HITPOINT WARNING * * *
Something draws strength from your injuries!
You closely miss something. You block something's attack.
Something bites you but does no damage.
You slash something! Something hits you but does no damage.
You block something's attack.
You hit something. Something hits you.
* * * LOW HITPOINT WARNING * * *
You block something's attack. Something hits you but does no damage.
Something bites you.
* * * LOW HITPOINT WARNING * * *
Something draws strength from your injuries!
You hit something. Something hits you!
* * * LOW HITPOINT WARNING * * *
Something bites you!
You die...

#.........#
#######.###
#.# ## #.#
#⌠## #.#
##...## #.#
##.....##
#.###.......#
#.##.○..#....
#.'...@## .
####...{#
##.......
##.....#
##...## #⌠##
##


There were no monsters in sight!

Vanquished Creatures
  Pikel (D:4)
  A gargoyle (D:7)
  An unseen horror (D:7)
  2 steam dragons (D:7)
  Menkaure (D:5)
  2 water moccasins
  2 orc warriors (D:6)
  2 sky beasts
  An ice beast (D:6)
  A necrophage (D:7)
  An ogre (D:6)
  A lemure (D:4)
  A bullfrog (D:6)
  2 scorpions (D:6)
  A howler monkey (D:5)
  4 centaur zombies
  A quasit (D:7)
  A centaur skeleton (D:3)
  2 hounds (D:5)
  2 jellies
  2 bullfrog skeletons
  A gnoll shaman (D:4)
  6 iguanas
  2 orc wizards
  A hound skeleton (D:5)
  4 adders
  12 gnolls
  A white imp (D:6)
  2 ufetubi
  2 adder skeletons (D:4)
  14 orcs
  6 endoplasms
  3 giant cockroaches
  9 goblins
  8 hobgoblins
  4 jackals (D:2)
  5 kobolds
  3 quokkas (D:2)
  9 ball pythons
  4 bats
  3 frilled lizards
  2 goblin zombies (D:7)
  4 hobgoblin zombies (D:7)
  2 kobold zombies (D:7)
  An orc skeleton (D:7)
  2 orc zombies (D:7)
  5 rats
147 creatures vanquished.

Vanquished Creatures (others)
  4 fungi (D:6)
  2 plants (D:6)
6 creatures vanquished.

Grand Total: 153 creatures vanquished

Notes
Turn   | Place    | Note
-------+----------+-------------------------------------------
     0 | D:1      | leviel the Demonspawn Fighter began the quest for the Orb.
     0 | D:1      | Reached XP level 1. HP: 18/18 MP: 1/1
   359 | D:1      | Gained mutation: You regenerate a little health from kills.
                  | [demonic ancestry]
   359 | D:1      | Reached XP level 2. HP: 24/24 MP: 2/2
  1027 | D:2      | Found a faded altar of an unknown god.
  1032 | D:2      | Reached skill level 2 in Axes
  1032 | D:2      | Gained mutation: You are partially covered in yellow
                  | scales. (AC +2) [demonic ancestry]
  1032 | D:2      | Reached XP level 3. HP: 29/29 MP: 3/3
  1850 | D:3      | Found a hide-covered altar of Uskayaw.
  1851 | D:3      | Noticed a +0 hand axe
  1851 | D:3      | Noticed a +0 dagger
  1898 | D:3      | Found an ornate altar of the Wu Jian Council.
  2047 | D:3      | Reached XP level 4. HP: 35/35 MP: 4/4
  2179 | D:3      | Gained mutation: Your skin changes colour to match your
                  | surroundings (Stealth+). [potion of mutation]
  2179 | D:3      | Gained mutation: Your natural rate of healing is unusually
                  | fast. [potion of mutation]
  2179 | D:3      | Gained mutation: You have sharp fingernails. [potion of
                  | mutation]
  2182 | D:3      | Reached skill level 3 in Axes
  2289 | D:3      | Reached skill level 1 in Dodging
  2289 | D:3      | Gained mutation: You are mostly covered in yellow scales.
                  | (AC +3) [demonic ancestry]
  2289 | D:3      | Reached XP level 5. HP: 32/41 MP: 5/5
  2750 | D:4      | Reached skill level 4 in Axes
  2767 | D:4      | Found a staircase to the Ecumenical Temple.
  2791 | D:4      | Gained mutation: You may rarely emit foul miasma when
                  | damaged in melee. [demonic ancestry]
  2791 | D:4      | Reached XP level 6. HP: 48/48 MP: 6/6
  2803 | Temple   | Entered the Ecumenical Temple
  3056 | Temple   | Became a worshipper of Qazlal Stormbringer
  3152 | D:4      | Noticed Pikel
  3163 | D:4      | Killed Pikel
  3164 | D:4      | Reached skill level 5 in Axes
  3164 | D:4      | Reached XP level 7. HP: 47/54 MP: 7/7
  3446 | D:5      | Entered Level 5 of the Dungeon
  3501 | D:5      | Noticed Menkaure
  3522 | D:5      | Killed Menkaure
  3523 | D:5      | Reached skill level 6 in Axes
  3523 | D:5      | Reached skill level 1 in Invocations
  3764 | D:5      | Gained mutation: You regenerate health from kills. [demonic
                  | ancestry]
  3764 | D:5      | Reached XP level 8. HP: 60/60 MP: 9/9
  4094 | D:5      | Reached * piety under Qazlal
  4451 | D:6      | Found a blossoming altar of Fedhas.
  4660 | D:6      | Reached skill level 7 in Axes
  4819 | D:6      | Reached skill level 1 in Stealth
  5406 | D:6      | Reached skill level 8 in Axes
  5456 | D:6      | Reached XP level 9. HP: 65/66 MP: 11/11
  5679 | D:7      | Reached ** piety under Qazlal
  5937 | D:7      | Noticed a gargoyle
  5940 | D:7      | Killed a gargoyle
  5941 | D:7      | Reached skill level 5 in Fighting
  6097 | D:7      | Reached skill level 9 in Axes
  6175 | D:7      | Killed an unseen horror
  6176 | D:7      | Reached skill level 5 in Armour
  6319 | D:8      | Slain by a vampire

Illustrated notes

Levels and vault maps discovered:
D:1:      minmay_arrival_nine_rooms, layout_basic, minivault_23
D:2:      layout_basic, basic_ecumenical_altar
D:3:      layout_loops_ring, lemuel_round_altar, dancing_weapons_uskayaw
D:4:      layout_rooms, minmay_temple_entry_steel_oval, uniq_pikel
D:5:      layout_basic, roderic_nine_men_s_morris, uniq_menkaure
D:6:      layout_basic, fedhas_altar_3, dk_vineyard_3
D:7:      layout_basic, nicolae_tso_besieged_by_evil
D:8:      layout_loops_corners, gammafunk_temple_overflow_wave,
          minmay_lair_entry_grove, enter_ossuary_3, serial_shops, shop,
          gammafunk_ghost_split, nzn_life_drinkers
Temple:   nicolae_temple_elliptical

Skill      XL: |  1  2  3  4  5  6  7  8  9 |
---------------+----------------------------+-----
Armour         | 3 4 5 |  5.3
Axes           | 2 3 4 5 6 8 9 |  9.2
Shields        | 3 4 |  4.9
Dodging        | 1 2 |  2.8
Fighting       | 4 5 |  5.2
Invocations    | 1 3 4 |  4.8
Stealth        | 1 |  1.1

Action                   |  1- 3 |  4- 6 |  7- 9 || total
-------------------------+-------+-------+-------++-------
Melee: War axe           |   132 |   128 |   330 ||   590
Invok: Upheaval          |       |       |     2 ||     2
  Use: Potion            |       |     4 |     1 ||     5
 Stab: Distracted        |       |       |     1 ||     1
       Sleeping          |       |       |     1 ||     1
Armor: Scale mail        |   106 |    62 |   177 ||   345
Dodge: Dodged            |    51 |    34 |   119 ||   204
Block: Kite shield       |    90 |    74 |   224 ||   388

Table legend: (Time is in decaauts)
 A = Elapsed time spent in this place.
 B = Non-inter-level travel time spent in this place.
 C = Inter-level travel time spent in this place.
 D = Time resting spent in this place.
 E = Time spent auto-exploring this place.
 F = Levels seen in this place.
 G = Mean time per level.
                   A        B        C        D        E       F      G
               +--------+--------+--------+--------+--------+-----+--------+
         Total |   6587 |   6340 |    247 |    189 |   4786 |   9 |  731.9 |
       Dungeon |   6309 |   6131 |    178 |    171 |   4631 |   8 |  788.6 |
        Temple |    278 |    209 |     69 |     18 |    155 |   1 |  278.0 |
               +--------+--------+--------+--------+--------+-----+--------+

Top non-repeatable levels by time:
     D:6: 1276 daAuts
     D:1: 1068 daAuts
     D:5: 930 daAuts
     D:2: 843 daAuts
     D:3: 773 daAuts
     D:7: 713 daAuts
     D:4: 640 daAuts
  Temple: 278 daAuts
     D:8: 62 daAuts
